Map: Ulrena

Players

DihkLoad

  • Race: Terran Terran
  • League: Silver

LilDicky - Winner!

  • Race: Terran Terran
  • League: Platinum

VOD

http://www.twitch.tv/tumescentpie

Description

Time

  • Played on: Nov. 20, 2015, 8:47 p.m.
  • Length: 4:02
Show
View Real Time Build Order
Export as new Build Order

DihkLoad Terran 

Build Orders:  

Get SALT Encoding   

  12  0:01  SCV  
  13  0:19  Supply Depot  
  13  0:22  SCV  
  14  0:34  SCV  
  15  0:41  Barracks  
  15  0:47  Refinery  
  15  0:52  SCV, Refinery  
  16  1:10  SCV, Supply Depot  
  17  1:28  Orbital Command  
  17  1:32  Marine  
  18  1:45  Factory  
  18  1:58  SCV, Barracks Reactor  
  19  2:10  SCV  
  20  2:22  SCV  
  21  2:30  Starport  
  21  2:31  Factory Tech Lab  
  21  2:34  SCV  
  21  2:36  Marine x2  
  24  2:46  SCV  
  25  2:58  Marine x2  
  25  3:00  SCV  
  28  3:12  SCV  
  28  3:16  Marine x2  
  26  3:34  Marine x2  
Show
View Real Time Build Order
Export as new Build Order

LilDicky Terran - Winner!

Build Orders:  

Get SALT Encoding   

  12  0:01  SCV  
  13  0:14  SCV  
  14  0:20  Supply Depot  
  14  0:26  SCV  
  15  0:42  SCV  
  16  0:44  Barracks  
  16  0:54  SCV  
  17  1:05  Barracks  
  17  1:08  Barracks  
  17  1:09  SCV  
  18  1:21  SCV  
  19  1:33  Supply Depot  
  19  1:35  Marine  
  19  1:36  Orbital Command  
  20  1:57  Marine x3  
  20  1:59  Barracks  
  23  2:09  Barracks  
  23  2:14  SCV, Marine  
  25  2:19  Marine  
  25  2:20  Marine  
  27  2:26  SCV  
  28  2:32  Supply Depot  
  28  2:38  Marine x2  
  28  2:39  Marine  
  31  2:53  Marine  
  31  2:54  SCV  
  31  2:56  Marine x2  
  33  3:13  Marine x3  
  33  3:23  Marine  
  33  3:24  Marine  
  32  3:31  Marine x3  
  35  3:41  Marine x2  
  35  3:42  SCV  
  38  3:52  Supply Depot  
Tags
 
Add a new tag
Caveats
  • Supply blocks, unpowered buildings, or Contaminate may cause inaccurate times.
  • Supply counts are checked every 10 seconds.